Map: [ESL] Stargazers

Players

PattyMac - Winner!

  • Race: Protoss Protoss
  • Spawn Location: 11:00

Maplez

  • Race: Protoss Protoss
  • Spawn Location: 1:00

Event: DreamHack SC2 Masters 2022 Valencia

VOD

Have the link to the VOD?

Description

Time

  • Played on: July 1, 2022, 6:15 a.m.
  • Length: 9:27

All games in this series

Show
View Real Time Build Order
Export as new Build Order

PattyMac Protoss - Winner!

Build Orders:  

Get SALT Encoding   

  12  0:00  Probe  
  13  0:12  Probe  
  14  0:17  Pylon  
  14  0:24  Probe (Chrono Boost)  
  16  0:37  Probe (Chrono Boost)  
  16  0:38  Gateway  
  16  0:42  Probe (Chrono Boost)  
  16  0:45  Assimilator  
  17  0:51  Probe  
  17  0:53  Assimilator  
  18  1:03  Probe (Chrono Boost)  
  19  1:07  Gateway  
  19  1:13  Probe (Chrono Boost)  
  19  1:18  Probe (Chrono Boost)  
  21  1:26  Cybernetics Core  
  21  1:30  Probe  
  22  1:37  Pylon  
  22  1:42  Probe  
  23  2:03  Stalker x2  
  23  2:06  Robotics Facility  
  23  2:07  Warp Gate (Chrono Boost)  
  27  2:15  Pylon  
  27  2:33  Stalker x2  
  30  2:50  Gateway  
  32  3:03  Observer (Chrono Boost), Stalker x2  
  35  3:07  Shield Battery  
  35  3:24  Warp Prism (Chrono Boost)  
  37  3:56  Pylon  
  37  4:13  Immortal (Chrono Boost)  
  41  4:21  Stalker x2  
  41  4:22  Stalker  
  41  4:24  Pylon  
  47  4:42  Robotics Bay  
  47  4:48  Observer  
  47  4:50  Immortal (Chrono Boost)  
  51  4:54  Pylon  
  51  5:02  Sentry  
  53  5:07  Adept  
  53  5:12  Adept  
  57  5:17  Pylon  
  57  5:22  Observer  
  57  5:34  Adept x2  
  59  5:48  Warp Prism  
  55  6:04  Stalker  
  55  6:05  Stalker  
  55  6:09  Sentry  
  61  6:21  Disruptor (Chrono Boost)  
  61  6:22  Pylon  
  61  6:24  Observer  
  56  6:36  Adept x2  
  60  6:59  Adept x3  
  60  7:15  Disruptor (Chrono Boost)  
  60  7:22  Adept  
  65  7:24  Adept  
  67  7:50  Stalker  
  67  7:51  Stalker  
  71  7:55  Stalker  
  67  8:16  Adept x2  
  67  8:19  Sentry  
  64  8:43  Stalker x2  
  64  8:46  Probe  
  57  9:15  Stalker x3  
Show
View Real Time Build Order
Export as new Build Order

Maplez Protoss 

Build Orders: 1 Gate Expand 

Get SALT Encoding   

  12  0:00  Probe  
  13  0:12  Probe  
  14  0:16  Pylon  
  14  0:24  Probe (Chrono Boost)  
  16  0:36  Probe (Chrono Boost)  
  16  0:38  Gateway  
  16  0:43  Probe (Chrono Boost)  
  16  0:48  Assimilator  
  17  0:50  Probe  
  18  1:03  Probe  
  19  1:15  Probe  
  20  1:27  Nexus  
  20  1:35  Cybernetics Core  
  20  1:41  Assimilator  
  20  1:42  Probe  
  21  1:54  Pylon, Probe  
  22  2:04  Gateway  
  22  2:11  Stalker (Chrono Boost)  
  24  2:16  Probe  
  24  2:17  Warp Gate (Chrono Boost)  
  25  2:28  Shield Battery  
  25  2:38  Probe  
  26  2:46  Robotics Facility  
  26  2:50  Probe x2  
  28  2:56  Stalker (Chrono Boost)  
  30  3:02  Probe  
  32  3:15  Stalker (Chrono Boost)  
  32  3:16  Pylon, Probe  
  32  3:19  Probe  
  35  3:35  Immortal (Chrono Boost)  
  36  3:42  Shield Battery  
  36  3:45  Probe  
  37  3:51  Shield Battery  
  37  3:54  Pylon  
  37  3:57  Probe  
  38  4:07  Observer (Chrono Boost), Pylon  
  38  4:15  Stalker  
  38  4:16  Stalker  
  42  4:20  Probe  
  43  4:26  Gateway  
  43  4:40  Sentry x2  
  43  4:41  Observer  
  47  4:46  Immortal (Chrono Boost)  
  51  4:56  Observer  
  51  4:57  Probe, Shield Battery  
  52  5:10  Sentry  
  52  5:13  Sentry  
  56  5:16  Probe  
  56  5:17  Warp Prism  
  59  5:30  Pylon  
  59  5:31  Shield Battery  
  59  5:33  Probe  
  60  5:42  Adept x2  
  62  5:45  Stalker  
  64  6:07  Probe  
  65  6:12  Stalker x3  
  65  6:17  Observer  
  65  6:18  Probe  
  72  6:22  Probe  
  71  6:30  Twilight Council, Probe  
  71  6:31  Gateway  
  72  6:33  Pylon  
  72  6:34  Probe  
  72  6:37  Stalker  
  75  6:42  Probe  
  75  6:46  Probe  
  76  6:55  Observer (Chrono Boost)  
  75  7:08  Stalker  
  67  7:22  Assimilator  
  67  7:23  Blink (Chrono Boost)  
  67  7:24  Gateway x2  
  67  7:28  Gateway  
  65  7:39  Zealot x3  
  65  7:41  Stalker  
  71  7:51  Probe  
  72  7:52  Pylon  
  72  7:56  Shield Battery x2  
  72  8:03  Stalker x2  
  76  8:08  Stalker  
  76  8:11  Stalker, Shield Battery  
  74  8:20  Pylon x2  
  70  8:28  Stalker x2  
  70  8:40  Stalker x2  
  58  8:43  Probe  
  54  8:49  Stalker  
  49  9:00  Stalker  
  39  9:10  Stalker x2  
  42  9:21  Zealot x2  

Tags
 
Add a new tag
Caveats
  • Supply blocks, unpowered buildings, or Contaminate may cause inaccurate times.
  • Supply counts are checked every 10 seconds.